 Dungeon Crawl Stone Soup version 0.28-a0-1235-g7c8fac35f0 (webtiles) character file.

Game seed: 1180599393707680108

164231 wakim the Brawler (level 17, -9/178 HPs)
             Began as a Troll Fighter on Dec 24, 2021.
             Was the Champion of Wu Jian.
             Shot with a bolt by a naga sharpshooter (19 damage)
             ... on level 3 of the Snake Pit.
             The game lasted 02:44:24 (31331 turns).

wakim the Brawler (Troll Fighter)                  Turns: 31331, Time: 02:44:25

Health: -9/178     AC: 18    Str: 37    XL:     17   Next: 25%
Magic:  16/16      EV: 10    Int:  4    God:    Wu Jian [******]
Gold:   2966       SH: 11    Dex: 13    Spells: 16/16 levels left

rFire   + . .      SeeInvis +     - Unarmed
rCold   . . .      Faith    +   b - +1 kite shield {reflect}
rNeg    . . .      Spirit   .   k - +0 storm dragon scales
rPois   +          Reflect  +   h - +2 hat {SInv}
rElec   +          Harm     .   c - +1 cloak
rCorr   .          Rampage  .   (gloves unavailable)
Will    ++...                   (boots unavailable)
Stlth   ..........              i - amulet of faith
HPRegen 1.19/turn               j - ring "Taick" {rPois Will+ Str+3}
MPRegen 0.15/turn               e - ring "Uloaton" {+Blink rF+ Str+6 Int-2 Stlth+}

@: about to teleport
A: large, unfitting armour, claws 3, regeneration 1, shaggy fur 1, tough skin 1
a: Renounce Religion, Evoke Blink, Wall Jump, Serpent's Lash, Heavenly Storm


You were on level 3 of the Snake Pit.
You worshipped Wu Jian.
Wu Jian was exalted by your worship.
You visited 5 branches of the dungeon, and saw 28 of its levels.
You also visited: Ice Cave and Volcano.

You collected 3782 gold pieces.
You spent 816 gold pieces at shops.

Inventory:

Missiles
 n - 4 large rocks {=f}
 p - 4 boomerangs (quivered)
 q - 5 silver boomerangs
 s - 15 javelins
 P - 6 throwing nets {=f!f}
Armour
 b - a +1 kite shield of reflection (worn)
 c - a +1 cloak (worn)
 f - a +0 tower shield
 h - a +2 hat of see invisible (worn)
 k - +0 storm dragon scales (worn)
 S - a +2 robe of resistance
Jewellery
 d - a ring of protection from cold
 e - the ring "Uloaton" (right claw) {+Blink rF+ Str+6 Int-2 Stlth+}
   (You found it on level 1 of the Snake Pit)

   [ring of strength]

   Str:       It affects your strength (+6).
   Int:       It affects your intelligence (-2).
   rF:        It protects you from fire.
   +Blink:    It lets you blink.
   Stlth:     It makes you more stealthy.
 g - a +4 ring of protection
 i - an amulet of faith (around neck)
 j - the ring "Taick" (left claw) {rPois Will+ Str+3}
   (You found it on level 1 of the Snake Pit)

   [ring of willpower]

   Str:       It affects your strength (+3).
   rPois:     It protects you from poison.
   Will:      It increases your willpower.
 J - an amulet of regeneration
 M - a ring of resist corrosion
 Q - a ring of flight
 Y - an amulet of the acrobat
 Z - the ring "Wuenemo" {Fire Will+ Str+2 Int+4 SInv}
   (You bought it in a shop on level 2 of the Orcish Mines)

   [ring of fire]

   It enhances your fire magic.
   Str:       It affects your strength (+2).
   Int:       It affects your intelligence (+4).
   rF:        It protects you from fire.
   rC:        It makes you vulnerable to cold.
   SInv:      It lets you see invisible.
   Will:      It increases your willpower.
Wands
 a - a wand of polymorph (4)
 o - a wand of acid (17)
 t - a wand of digging (9)
 u - a wand of mindburst (16)
 v - a wand of flame (18)
 x - a wand of iceblast (16)
 y - a wand of paralysis (16)
Scrolls
 A - a scroll of enchant armour
 R - a scroll of magic mapping {!r}
 T - 8 scrolls of teleportation
 U - 4 scrolls of fear
 W - 3 scrolls of holy word
 X - 6 scrolls of fog
Potions
 B - 5 potions of attraction {!q}
 C - 3 potions of berserk rage {!q}
 D - a potion of brilliance
 E - 3 potions of cancellation
 F - 7 potions of curing
 G - 3 potions of flight
 H - 5 potions of haste
 I - 2 potions of invisibility
 K - 4 potions of magic
 L - 4 potions of lignification {!q}
 N - 4 potions of might
 O - a potion of resistance
Miscellaneous
 l - a condenser vane
 m - a phantom mirror
 w - a phial of floods
 z - a box of beasts


   Skills:
 + Level 13.5 Fighting
 - Level 10.2 Throwing
 + Level 4.7 Armour
 - Level 8.0 Dodging
 + Level 9.8 Shields
 * Level 18.8 Unarmed Combat
 + Level 7.0 Evocations


You had 16 spell levels left.
You didn't know any spells.
Your spell library contained the following spells:

 Spells                   Type           Power      Damage    Failure   Level
 Animate Skeleton         Necr           0%         N/A       91%         1
 Foxfire                  Conj/Fire      0%         2x1d4     91%         1
 Pain                     Necr           0%         1d4       91%         1
 Sandblast                Erth           0%         2d4       91%         1
 Corpse Rot               Necr/Air       0%         N/A       97%         2
 Passwall                 Tmut/Erth      0%         N/A       97%         2
 Poisonous Vapours        Pois/Air       0%         N/A       97%         2
 Static Discharge         Conj/Air       0%         N/A       97%         2
 Sublimation of Blood     Necr           0%         N/A       97%         2
 Wereblood                Tmut           0%         N/A       97%         2
 Call Canine Familiar     Summ           0%         N/A       99%         3
 Conjure Flame            Conj/Fire      0%         6-21      99%         3
 Frozen Ramparts          Ice            0%         1d2       99%         3
 Gell's Gravitas          Tloc           0%         N/A       99%         3
 Ignite Poison            Fire/Tmut/Pois 0%         N/A       99%         3
 Inner Flame              Hex/Fire       0%         N/A       99%         3
 Lesser Beckoning         Tloc           0%         N/A       99%         3
 Mephitic Cloud           Conj/Pois/Air  0%         N/A       99%         3
 Portal Projectile        Hex/Tloc       0%         N/A       99%         3
 Stone Arrow              Conj/Erth      0%         3d7       99%         3
 Teleport Other           Tloc           0%         N/A       99%         3
 Vampiric Draining        Necr           0%         2d6       99%         3
 Animate Dead             Necr           0%         N/A       100%        4
 Dispel Undead            Necr           0%         3d6       100%        4
 Flame Wave               Conj/Fire      0%         2d4       100%        4
 Ice Form                 Ice/Tmut       0%         N/A       100%        4
 Leda's Liquefaction      Hex/Erth       0%         N/A       100%        4
 Passage of Golubria      Tloc           0%         N/A       100%        4
 Sticky Flame             Conj/Fire      0%         2d3       100%        4
 Summon Ice Beast         Ice/Summ       0%         N/A       100%        4
 Blade Hands              Tmut           0%         N/A       100%        5
 Borgnjor's Vile Clutch   Necr/Erth      0%         N/A       100%        5
 Excruciating Wounds      Necr           0%         N/A       100%        5
 Freezing Cloud           Conj/Ice/Air   0%         6-21      100%        5
 Lee's Rapid Deconstruct  Erth           0%         3d5*      100%        5
 Silence                  Hex/Air        0%         N/A       100%        5
 Death Channel            Necr           0%         N/A       100%        6
 Dispersal                Tloc           0%         N/A       100%        6
 Statue Form              Tmut/Erth      0%         N/A       100%        6
 Malign Gateway           Summ/Tloc      0%         N/A       100%        7
 Summon Hydra             Summ           0%         N/A       100%        7
 Lehudib's Crystal Spear  Conj/Erth      0%         10d2      100%        8
 Summon Horrible Things   Summ           0%         N/A       100%        8


Dungeon Overview and Level Annotations

Branches:
Dungeon (15/15)            Temple (1/1) D:4            Lair (6/6) D:8
  Swamp (0/4) Lair:4        Snake (4/4) Lair:2        Slime (0/5) Lair:6
    Orc (2/2) D:11            Elf (0/3) Orc:2        Vaults (0/5) D:13
 Depths (0/4) D:15          IceCv (visited)         Volcano (visited)

Altars:
Ashenzari
Cheibriados
Dithmenos
Elyvilon
Fedhas
Gozag
Hepliaklqana
Kikubaaqudgha
Makhleb
Nemelex Xobeh
Okawaru
Qazlal
Ru
Sif Muna
Trog
Uskayaw
Vehumet
Wu Jian
Xom
Yredelemnul
Zin
The Shining One
Beogh
Jiyva

Shops:
Orc:2 [==:   Snake:2 (:


Innate Abilities, Weirdness & Mutations

You are too large for most types of armour.
You have claws for hands.
Your natural rate of healing is unusually fast.
You are covered in fur. (AC +1)
You have tough skin. (AC +1)


Message History

The naga sharpshooter gestures wildly while chanting.
The naga sharpshooter magically shoots a bolt.
You reflect the bolt off your +1 kite shield of reflection!
The nagaraja supplicates, "Why can't we all just get along?"
You climb upwards.
You feel sick.
There is a stone staircase leading down here.
You spin and attack the black mamba repeatedly.
You eviscerate the black mamba!!!
You kill the black mamba!
The Council accepts your kill.
You spin and attack the naga.
You scratch the naga but do no damage.
Your attack snaps the naga out of its fear.
You feel sick. The naga hits you with a +0 hand axe!!
* * * LOW HITPOINT WARNING * * *
The naga grabs you. The naga constricts you.
* * * LOW HITPOINT WARNING * * *
The naga sharpshooter casts a spell.
The naga sharpshooter magically shoots a bolt.
The bolt hits you but does no damage.
You escape the naga's grasp.
You spin and attack the naga.
You mangle the naga!!
The naga is severely wounded.
You feel sick.
You are no longer poisoned.
The naga sharpshooter gestures wildly while chanting.
The naga sharpshooter magically shoots a bolt.
You reflect the bolt off your +1 kite shield of reflection!
The naga mage gestures wildly while chanting.
The naga mage seems to speed up.
You block the naga's attack. The naga completely misses you.
As you read the scroll of teleportation, it crumbles to dust.
You feel strangely unstable.
The naga mage casts a spell at the naga.
The naga seems to grow toxic.
The naga hits you with a +0 hand axe!
* * * LOW HITPOINT WARNING * * *
You block the naga's attack.
The naga sharpshooter mumbles some strange words.
The naga sharpshooter magically shoots a bolt.
The bolt hits you!!
You die...

####### ##.....## #
##.......## ##
#.........# #.
#.........# #.
#.........# #.
#.........# #.
#.........# #.
##@......## ##
#.NN......# #.
#N†>N.....# #(
#.........########.
#................#.
#..^...[.....##....
##....(..#......#..
##.....##)#.###...
#####..<.[..)....


You could see a naga sharpshooter (strong), a naga mage (fast, strong) and 2
nagas.

Vanquished Creatures
  Gastronok (D:12)
  A storm dragon (D:12)
  A fire giant (D:12)
  The ghost of tilp the Bludgeoner, a journeyman DrCA of Ignis (Orc:1)
  2 very ugly things (IceCv)
  A fire dragon (D:15)
  An ice dragon (D:15)
  A caustic shrike simulacrum (IceCv)
  5 boulder beetles
  Harold (D:8)
  A salamander tyrant (Snake:2)
  8 hydras
  8 naga warriors
  5 ogre magi
  3 catoblepae
  23 two-headed ogres
  3 death knights
  6 centaur warriors
  A deep troll shaman (Lair:6)
  Urug (Lair:2)
  6 anacondas
  An orc high priest (Orc:1)
  6 death yaks (Lair:6)
  A tengu warrior (D:14)
  7 naga sharpshooters
  A sun demon (Volcano)
  6 shock serpents
  3 salamander mystics
  A skeletal warrior (D:13)
  A bog body (IceCv)
  2 obsidian statues (IceCv)
  A deep elf archer (D:13)
  2 lindwurms (Lair:6)
  Pikel (D:7)
  2 naga ritualists (Snake:1)
  A wizard (D:14)
  8 deep elf pyromancers
  3 manticores
  8 mana vipers
  4 orc knights
  A cyclops (D:12)
  4 deep elf zephyrmancers
  26 ugly things
  4 orc sorcerers
  13 salamanders
  2 centaur zombies
  A guardian serpent (shapeshifter) (D:13)
  33 black mambas
  5 elephants (Lair:6)
  5 torpor snails
  3 guardian serpents
  8 naga magi
  2 gargoyles
  6 cane toads
  An unseen horror (D:12)
  4 centaur skeletons (D:13)
  A rime drake (Lair:1)
  3 freezing wraiths
  Maggie (D:7)
  5 kobold demonologists
  11 komodo dragons
  3 golden dragon simulacra (IceCv)
  An anaconda simulacrum (IceCv)
  4 yaktaurs (D:13)
  2 entropy weaver simulacra (IceCv)
  2 red devils (Volcano)
  2 polar bears
  6 tyrant leeches (Lair:4)
  6 dream sheep
  A troll (D:12)
  9 slime creatures
  13 blink frogs
  2 redbacks (D:15)
  6 wraiths
  50 yaks
  A shadow (D:9)
  6 basilisks
  6 wyverns
  9 fire bats
  4 vampire mosquitoes
  Grum (D:8)
  A redback simulacrum (D:15)
  A harpy simulacrum (IceCv)
  2 wargs (Orc:2)
  A hydra simulacrum (IceCv)
  19 water moccasins
  3 acid dragons
  30 nagas
  26 orc warriors
  2 necrophages
  7 ettin simulacra (IceCv)
  A sky beast (D:6)
  4 black bears
  17 wolves
  35 ogres
  9 centaurs
  3 lemures
  4 kobold brigands
  11 bullfrogs
  A wyvern zombie (D:6)
  A gnoll sergeant (D:8)
  2 scorpions
  A deep troll simulacrum (IceCv)
  A wyvern skeleton (D:7)
  9 howler monkeys
  7 wights
  11 electric eels
  5 lava snakes (Volcano)
  2 hounds
  4 gnoll shamans
  14 orc priests
  Crazy Yiuf (D:7)
  4 iguanas
  27 orc wizards
  7 hell rats (Lair:2)
  33 gnolls
  2 adders
  A howler monkey skeleton (D:7)
  2 white imps (D:7)
  An ufetubus (D:6)
  An adder skeleton (D:4)
  6 worms
  2 dart slugs
  58 orcs
  4 bats
  16 endoplasms
  10 giant cockroaches
  26 goblins
  22 hobgoblins
  7 jackals
  20 kobolds
  6 quokkas
  7 ball pythons
  7 rats
916 creatures vanquished.

Vanquished Creatures (others)
  Maurice (Orc:2)
  An orc warrior (Orc:2)
  An orc wizard (D:7)
  54 fungi
  92 plants
149 creatures vanquished.

Grand Total: 1065 creatures vanquished

Notes
Turn   | Place    | Note
-------+----------+-------------------------------------------
     0 | D:1      | wakim the Troll Fighter began the quest for the Orb.
     0 | D:1      | Reached XP level 1. HP: 22/22 MP: 0/0
     1 | D:1      | Found a runed translucent door.
   297 | D:1      | Reached XP level 2. HP: 29/29 MP: 1/1
   972 | D:1      | Found a faded altar of an unknown god.
  1429 | D:1      | Reached XP level 3. HP: 31/36 MP: 2/2
  1625 | D:2      | Reached XP level 4. HP: 44/44 MP: 3/3
  2067 | D:3      | Found a burning altar of Makhleb.
  2067 | D:3      | Found a glowing silver altar of Zin.
  2068 | D:3      | Noticed an angel
  2068 | D:3      | Noticed a balrug
  2280 | D:3      | Found a stormy altar of Qazlal.
  2282 | D:3      | Found a basalt altar of Yredelemnul.
  2648 | D:4      | Found a bloodstained altar of Trog.
  2707 | D:4      | Reached skill level 3 in Unarmed Combat
  2820 | D:4      | Reached XP level 5. HP: 29/53 MP: 4/4
  3045 | D:4      | Reached XP level 6. HP: 32/61 MP: 5/5
  3148 | D:4      | Found a staircase to the Ecumenical Temple.
  3164 | Temple   | Entered the Ecumenical Temple
  3286 | Temple   | Became a worshipper of the Wu Jian Council
  3604 | D:5      | Entered Level 5 of the Dungeon
  3681 | D:5      | Reached skill level 5 in Shields
  3681 | D:5      | Reached skill level 4 in Unarmed Combat
  3681 | D:5      | Reached XP level 7. HP: 57/68 MP: 6/6
  4006 | D:5      | Reached * piety under Wu Jian
  4623 | D:6      | Reached XP level 8. HP: 40/79 MP: 7/7
  4656 | D:6      | Reached skill level 5 in Unarmed Combat
  4697 | D:6      | !bestwep
  4697 | D:6      | !checkdmg
  5124 | D:6      | Reached ** piety under Wu Jian
  5440 | D:7      | Reached skill level 5 in Fighting
  5490 | D:7      | Noticed Maggie
  5506 | D:7      | Killed Maggie
  5548 | D:7      | !checkdmg
  5626 | D:7      | !bestwep
  5752 | D:7      | Reached skill level 6 in Unarmed Combat
  5791 | D:7      | Found a runed translucent door.
  5792 | D:7      | Noticed Crazy Yiuf
  5796 | D:7      | Killed Crazy Yiuf
  6134 | D:8      | Noticed Pikel
  6160 | D:8      | Reached XP level 9. HP: 54/88 MP: 8/8
  6196 | D:7      | Killed Pikel
  6442 | D:8      | Noticed Harold
  6464 | D:8      | Killed Harold
  6465 | D:8      | Reached skill level 7 in Unarmed Combat
  6821 | D:8      | Noticed Grum
  6853 | D:8      | Killed Grum
  6855 | D:8      | Reached *** piety under Wu Jian
  6892 | D:8      | Reached XP level 10. HP: 64/100 MP: 9/9
  6934 | D:8      | Reached skill level 8 in Unarmed Combat
  7128 | D:8      | Found a staircase to the Lair.
  7293 | Lair:1   | Entered Level 1 of the Lair of Beasts
  7384 | Lair:1   | Reached skill level 9 in Unarmed Combat
  7509 | Lair:1   | Noticed a cane toad
  7530 | Lair:1   | Killed a cane toad
  7685 | Lair:1   | Reached **** piety under Wu Jian
  7689 | Lair:1   | Found a dark tunnel.
  7698 | Volcano  | Entered a volcano
  7751 | Volcano  | Reached XP level 11. HP: 65/109 MP: 10/10
  7843 | Volcano  | Reached skill level 10 in Unarmed Combat
  8003 | Volcano  | Noticed a red ugly thing
  8030 | Volcano  | Killed a red ugly thing
  8112 | Volcano  | Noticed a red ugly thing
  8115 | Volcano  | Noticed a sun demon
  8129 | Volcano  | Noticed a red ugly thing
  8148 | Volcano  | Killed a sun demon
  8149 | Volcano  | Reached skill level 5 in Dodging
  8156 | Volcano  | Noticed an orc sorcerer
  8157 | Volcano  | Paralysed by an orc sorcerer for 3 turns
  8216 | Volcano  | Killed a red ugly thing
  8223 | Volcano  | Killed a red ugly thing
  8232 | Volcano  | Killed an orc sorcerer
  8233 | Volcano  | Reached skill level 11 in Unarmed Combat
  8266 | Volcano  | !bestwep
  8269 | Volcano  | Found a bloodstained altar of Trog.
  8296 | Volcano  | Found a bloodstained altar of Trog.
  9009 | D:9      | Noticed a two-headed ogre
  9016 | D:9      | Killed a two-headed ogre
  9176 | D:9      | !bestwep
  9414 | D:10     | Entered Level 10 of the Dungeon
  9485 | D:10     | Reached ***** piety under Wu Jian
  9553 | D:10     | Identified the +4 pair of gloves of the Rose {Str+3}
  9948 | D:10     | Found an ancient bone altar of Kikubaaqudgha.
 10067 | D:10     | Reached skill level 12 in Unarmed Combat
 10164 | D:10     | Reached XP level 12. HP: 116/122 MP: 11/11
 10416 | D:10     | Noticed a two-headed ogre
 10439 | D:10     | Killed a two-headed ogre
 11082 | D:6      | Reached skill level 1 in Evocations
 12450 | Lair:2   | Found a staircase to the Snake Pit.
 12739 | Lair:3   | Noticed Urug
 12935 | Lair:3   | Noticed a boulder beetle
 12946 | Lair:3   | Killed a boulder beetle
 13039 | Lair:3   | You fall into a shaft and drop 2 floors!
 13099 | Lair:5   | Reached skill level 13 in Unarmed Combat
 13334 | Lair:4   | Found a snail-covered altar of Cheibriados.
 13632 | Lair:4   | Noticed a five-headed hydra
 13682 | Lair:4   | Killed a seven-headed hydra
 13683 | Lair:4   | Reached skill level 5 in Evocations
 13970 | Lair:4   | Found a staircase to the Swamp.
 14010 | Lair:4   | Reached XP level 13. HP: 88/133 MP: 12/12
 14011 | Lair:4   | !checkdmg
 14025 | Lair:4   | !checkdmg
 14138 | Lair:4   | Reached ****** piety under Wu Jian
 14155 | Lair:4   | Reached skill level 10 in Fighting
 15413 | Lair:2   | Killed Urug
 15964 | Lair:5   | Reached skill level 14 in Unarmed Combat
 16498 | Lair:5   | Reached skill level 1 in Throwing
 16766 | Lair:5   | !bestwpn
 16766 | Lair:5   | !checkdmg
 16870 | Lair:6   | Entered Level 6 of the Lair of Beasts
 17305 | Lair:6   | Found a staircase to the Slime Pits.
 17306 | Lair:6   | Found a viscous altar of Jiyva.
 17462 | Lair:6   | !checkdmg
 17462 | Lair:6   | !checkdmg
 17462 | Lair:6   | !checkdmg
 18079 | D:11     | Reached skill level 5 in Throwing
 18127 | D:11     | Reached XP level 14. HP: 120/146 MP: 13/13
 18648 | D:11     | Found a staircase to the Orcish Mines.
 19928 | D:12     | Noticed Gastronok
 19935 | D:12     | Noticed a fire giant
 19936 | D:12     | Noticed a storm dragon
 19937 | D:12     | Killed Gastronok
 19946 | D:12     | Killed a fire giant
 19947 | D:12     | Reached skill level 15 in Unarmed Combat
 19954 | D:12     | Killed a storm dragon
 21657 | Orc:1    | Entered Level 1 of the Orcish Mines
 21855 | Orc:1    | Found a transporter.
 21860 | Orc:1    | Noticed tilp's ghost (journeyman DrCA)
 21878 | Orc:1    | Found a transporter.
 21953 | Orc:1    | Killed tilp's ghost
 22003 | Orc:1    | Identified the +1 robe "Cyicvoci" {rPois}
 22008 | Orc:1    | Identified a scroll of acquirement
 22009 | Orc:1    | Acquired 768 gold pieces
 22278 | Orc:2    | Entered Level 2 of the Orcish Mines
 22316 | Orc:2    | Reached skill level 16 in Unarmed Combat
 22320 | Orc:2    | Reached XP level 15. HP: 107/156 MP: 14/14
 22404 | Orc:2    | Found a staircase to the Elven Halls.
 22463 | Orc:2    | Noticed Maurice
 22479 | Orc:2    | Killed Maurice
 22589 | Orc:2    | !checkdmg
 22960 | Orc:2    | Paralysed by an ogre mage for 4 turns
 23331 | Orc:2    | Found Turghor's Book Emporium.
 23331 | Orc:2    | Found Sitoeqi's Jewellery Boutique.
 23332 | Orc:2    | Found Near's Jewellery Boutique.
 23332 | Orc:2    | Found Ehug's Armour Shoppe.
 23482 | Orc:2    | Bought the ring "Wuenemo" {Fire Will+ Str+2 Int+4 SInv} for
                  | 816 gold pieces
 23832 | D:13     | Reached skill level 17 in Unarmed Combat
 24574 | D:13     | Found a gate to the Vaults.
 25201 | D:14     | Found a frozen archway.
 25220 | D:14     | Reached skill level 10 in Throwing
 25256 | IceCv    | Entered an ice cave
 25316 | IceCv    | Reached XP level 16. HP: 70/167 MP: 15/15
 25605 | IceCv    | Reached skill level 18 in Unarmed Combat
 25984 | IceCv    | !checkdmg
 25984 | IceCv    | !checkdmg
 26472 | D:15     | Entered Level 15 of the Dungeon
 26595 | D:15     | Reached skill level 1 in Armour
 27043 | D:15     | Found a staircase to the Depths.
 27632 | Snake:1  | Entered Level 1 of the Snake Pit
 28337 | Snake:1  | Found a transporter.
 28449 | Snake:1  | Found a transporter.
 29281 | Snake:1  | Identified the ring "Taick" {rPois Will+ Str+3}
 29302 | Snake:1  | Identified the ring "Uloaton" {+Blink rF+ Str+6 Int-2
                  | Stlth+}
 29881 | Snake:2  | Reached XP level 17. HP: 126/178 MP: 16/16
 30282 | Snake:2  | Found Mius's Book Shop.
 30282 | Snake:2  | Found Ubid's Weapon Boutique.
 30758 | Snake:3  | Identified the +9 short sword of Bile {freeze, Dex+2}
 31186 | Snake:4  | Entered Level 4 of the Snake Pit
 31331 | Snake:3  | Shot with a bolt by a naga sharpshooter

Illustrated notes . . ##. #># #.# #.# #.# ###.## #@...## #...##..## #..######..## ...# ###.### .. ##..## ##..## ##..## ###.### ###....## Turn 4697 on D:6: !bestwep #+## #....# ##...## #....#### ##.....## #[......# ##.......## ##.#####.# #.........####.. #.# '.........+ .... #.# #.........####.. #.# ##.......# #..#####.# ##.†...### #..@.....# #<.......# #.######## #.##+###.# # #.# # #.# ### ##.# ...) ...#..... #........ ......... Turn 5548 on D:7: !checkdmg .......#.##.....# ###......###.#### ######## #.# #.# ##.###### #.......# #..####.# #..####.##### ########..#..@.....# ............##.###.# ##.#####.>.###.# #.# #.....##.###.## ##.......##..>## ##.#######.#..# #.# #....# #.# ####.# ##'## #.# Turn 5626 on D:7: !bestwep ############# ###........... #.... ..... .. #....####8### ... #....#'@.#..##... #..##[..##..# ##..##(##..# ##..###..# ##..∩..# ##...## #### ##'## ##..### #.# ##...#.###.## Turn 8266 on Volcano: !bestwep #.......... #####....##... #.##.......... #####..#......(..( #..........[..).)( ##...............() ####.......#..)....... ##.......)###.......... #.....@...##..###...... ##...#.#......#[#.#.### #.............###.##### ###..#.#....>......##.. #........(....#...... ####..........#...... ##........ #...>. ....... #..... #..... Turn 9176 on D:9: !bestwep ### ## ### ####.# ############ .#.##.###.#.##########.#...#...## ..........†.....@................ ....♣♣.♣♣.#######......#.#..##P.. ...♣♣§≈♣♣♣♣## ###....####.###.. ##. ♣§§≈ #.######.....##....#... .. §§§§≈ #......#...........#... ...♣§§§≈≈♣#.......+....##........ ...♣♣§§≈♣♣P.....##.....#....PP#.. ..# ♣♣♣♣♣.......##P....##....##<. ♣##.....###..........##.. Turn 14011 on Lair:4: !checkdmg ### # ###### ####.# #P###.#.##.###.#.####### .......@.......†.....†.. .........♣♣.♣♣.#######.. P.##....♣♣≈≈♣♣♣♣## ### #.##.♣♣§§≈ #.######. #. ..♣§≈§≈≈ #......#. . ...♣≈§§§≈♣#.......+ . ....♣♣§§≈♣♣P.....##. ..##..##♣♣♣♣♣.......##P ♣##.....### Turn 14025 on Lair:4: !checkdmg

#.#..........#.# #....####
####..........## ##....#.#
..###..........# ###..D## ###
##.....>...## #...F.# ### .##
###.......P### ##...## #.## ..##
#.#..........######..#####..
...####............##.....#).##..
....##.##.P........#.............
#...####[.......@................
#....#.#.........................
#....##..............<...........
#................................
.................................
...........).....................
.......................#.........
.................................
.................................


Turn 16766 on Lair:5: !bestwpn # #. ######## #### #P.#..#F@##..###..##
...................# ....#..............# .# #....P##........# ##.#..####.....##
...##.....#....# ##.. #.....##.P.## #P ...... #P...## #. #.....##.....# Turn
17462 on Lair:6: !checkdmg .###............#.#.......### .#
#...........#............## ## #...........##............#
####...........$#).)........# ##........<.......).......##
.........................## .........#.............### ........###.........####
........# #.....@..## ....<..## ###.....## ........# ###..## .......## #...#
........# ##.## ........# #.# ..#....... ### ..###..... ### ..... Turn 22589 on
Orc:2: !checkdmg ###..#...#..### #⌠)##'##.⌠# ###'#...#'### #...#...#...#
###.###...###.### #...#.#...#.#...# #'###'#...#'###'# #.#.'.......'.#.#
#.###.8@..8.###.# #.#.'.......'.#.# #.###.8...8.###.# #.'....2......'.#
#.###.82..8.###.# #.#.'.......'.#.# #.###.8...8.###.# #.#.'...2...'.#.#
#+######'######'# Turn 25984 on IceCv: !checkdmg

Levels and vault maps discovered:
D:1:      dpeg_arrival_caged_fury, layout_basic,
          hellmonk_ecumenical_altar_pennies_from_heaven
D:2:      layout_rooms
D:3:      layout_basic, grunt_temple_overflow_order_and_chaos_2,
          jmf_multi_god_temple, roderic_serpentine_path
D:4:      minmay_razor_zed, layout_rooms, kennysheep_mini_moat,
          minmay_temple_entry_mini_moons
D:5:      layout_gridville
D:6:      minmay_goblin_kobold_castle, layout_cave_pods,
          kennysheep_generic_room_11
D:7:      layout_loops_corners, uniq_crazy_yiuf_cottage, uniq_maggie
D:8:      layout_basic, minmay_lair_entry_grove, uniq_grum, uniq_pikel,
          uniq_harold
D:9:      layout_cave_pools, serial_glass, glass_columns_a, glass_columns_a,
          item_on_display_a, item_on_display_a, grunt_decor_resistance
D:10:     layout_grid_maze, nicolae_kikubaaqudgha_miasma_corner
D:11:     layout_layer_cave, david_orc_2, minivault_24
D:12:     minmay_the_grid_net [minmay_the_grid_spikes, minmay_the_grid_x,
          minmay_the_grid_expand, minmay_the_grid_outer_circle,
          minmay_the_grid_minigrid_large, minmay_the_grid_prize_diamond_cup],
          layout_basic, uniq_gastronok
D:13:     layout_loops_ring, hangedman_vaults_entry_quadrant_bands
D:14:     layout_long_grid, portal_ice_cave_entry_pillars_three,
          kennysheep_minor_cross
D:15:     grunt_enter_depths_hoard, layout_loops_ring
Temple:   eino_temple_rhombus
Lair:1:   layout_chaotic_city, nicolae_volcano_entry_batcave,
          grunt_forest_small_clearings, infiniplex_staircase_pool,
          grunt_megastairs_2, serial_bayou_shore_b, lemuel_fruit_tree
Lair:2:   layout_gridlike, minmay_snake_entry_guardpost_medium,
          chequers_serial_rivers_room_a, bh_autumn_forest_stairs,
          hibernation_bobbens, serial_bayou_shore_b
Lair:3:   layout_regular_city, uniq_urug
Lair:4:   beast_lair_carwin_large_3, layout_regular_city,
          minmay_swamp_entry_worms, kennysheep_snail_temple
Lair:5:   layout_hall_layers, st_stairs_9
Lair:6:   grunt_lair_end_beastmaster, layout_regular_city, slime_altar_1,
          serial_bayou_shore_a
Snake:1:  gammafunk_its_a_trap, layout_onion_interference, st_stairs_8
Snake:2:  layout_grid_shapes, nrook_guardian_serpent_double, minmay_shoptagon
Snake:3:  layout_rooms
Snake:4:  grunt_snake_rune_pools, layout_cave_shapes, uniq_aizul, uniq_vashnia
Orc:1:    layout_diamond_mine, gammafunk_ghost_arena, kennysheep_orc_chapel
Orc:2:    st_orc_ogre_mass, layout_diamond_mine, elves_outpost_lemuel,
          uniq_maurice

Skill      XL: |  1  2  3  4  5  6  7  8  9 10 11 12 13 14 15 16 17 |
---------------+----------------------------------------------------+-----
Shields        | 3 4 5 6 7 9 |  9.8
Fighting       | 3 4 5 6 7 8 9 11 12 13 | 13.5
Unarmed Combat | 3 4 6 7 9 12 13 14 16 17 18 | 18.8
Dodging        | 4 6 7 8 |  8.0
Evocations     | 5 6 7 |  7.0
Throwing       | 5 8 10 | 10.2
Armour         | 4 |  4.7

Action                   |  1- 3 |  4- 6 |  7- 9 | 10-12 | 13-15 | 16-18 || total
-------------------------+-------+-------+-------+-------+-------+-------++-------
Melee: Unarmed           |   127 |   158 |   383 |   886 |  1350 |   694 ||  3598
       Punch             |       |     1 |     1 |       |       |       ||     2
Throw: Boomerang         |       |       |       |       |    76 |     7 ||    83
Invok: Lunge             |       |     1 |    16 |    74 |    96 |    64 ||   251
       Whirlwind         |       |       |    21 |   124 |   373 |   132 ||   650
       Serpent's Lash    |       |       |       |       |     7 |     2 ||     9
       Heavenly Storm    |       |       |       |       |     5 |     1 ||     6
 Abil: Wall Jump         |       |       |     1 |     2 |     6 |     1 ||    10
Evoke: Wand              |       |       |       |    24 |    33 |       ||    57
  Use: Scroll            |       |     7 |     3 |     9 |     9 |     9 ||    37
       Potion            |       |       |       |       |     4 |       ||     4
 Stab: Petrified         |       |       |       |       |     9 |       ||     9
       Distracted        |       |       |       |       |     1 |       ||     1
Armor: Robe              |    48 |    43 |    38 |   123 |   141 |       ||   393
       Steam dragon scal |       |       |    12 |       |       |       ||    12
       Storm dragon scal |       |       |       |       |   309 |   178 ||   487
Dodge: Dodged            |    45 |    60 |   144 |   233 |   420 |   143 ||  1045
Block: Kite shield       |    45 |       |   139 |   322 |   556 |   251 ||  1313
       Reflection        |       |       |       |       |       |    29 ||    29

Table legend: (Time is in decaauts)
 A = Elapsed time spent in this place.
 B = Non-inter-level travel time spent in this place.
 C = Inter-level travel time spent in this place.
 D = Time resting spent in this place.
 E = Time spent auto-exploring this place.
 F = Levels seen in this place.
 G = Mean time per level.
                   A        B        C        D        E       F      G
               +--------+--------+--------+--------+--------+-----+--------+
         Total |  30986 |  26807 |   4179 |   2283 |   6021 |  30 | 1032.9 |
       Dungeon |  16110 |  13918 |   2192 |    493 |   3274 |  15 | 1074.0 |
        Temple |    163 |    154 |      9 |      0 |    133 |   1 |  163.0 |
          Lair |   8150 |   6937 |   1213 |    617 |   1285 |   6 | 1358.3 |
     Snake Pit |   3372 |   2952 |    420 |    589 |    924 |   4 |  843.0 |
  Orcish Mines |   1839 |   1496 |    343 |     94 |    333 |   2 |  919.5 |
      Ice Cave |    752 |    752 |      0 |    373 |     47 |   1 |  752.0 |
       Volcano |    598 |    598 |      0 |    117 |     25 |   1 |  598.0 |
               +--------+--------+--------+--------+--------+-----+--------+

Top non-repeatable levels by time:
  Lair:4: 1757 daAuts
  Lair:2: 1743 daAuts
 Snake:1: 1644 daAuts
     D:1: 1534 daAuts
  Lair:5: 1489 daAuts
    D:10: 1480 daAuts
    D:11: 1430 daAuts
     D:8: 1369 daAuts
  Lair:6: 1310 daAuts
    D:12: 1296 daAuts
     D:7: 1279 daAuts
     D:6: 1232 daAuts
    D:13: 1053 daAuts
     D:5: 996 daAuts
   Orc:2: 970 daAuts
